 Dungeon Sprint DCSS version 0.27-a0-538-g15ff5c5295 (webtiles) character file.

Game seed: 17731843291847338035

22113 mhtbhm the Executioner (level 12, -5/190 HPs)
             Began as a Minotaur Fighter on Mar 6, 2021.
             Was the Champion of Trog.
             Slain by Agnes
             ... wielding a +1 lajatang of speed
              (12 damage)
             ... in the Dungeon (Sprint VII: "The Pits").
             The game lasted 00:04:30 (3008 turns).

mhtbhm the Executioner (Minotaur Fighter)           Turns: 3008, Time: 00:04:30

Health: -5/190     AC: 19    Str: 25    XL:     12   Next: 60%
Magic:  11/11      EV: 14    Int:  8    God:    Trog [******]
Gold:   14         SH: 14    Dex: 11    Spells: 11/11 levels left

rFire    . . .     SeeInvis .   a - +5 broad axe (vorpal)
rCold    . . .     Faith    .   c - +0 kite shield
rNeg     + . .     Spirit   .   b - +0 swamp dragon scales
rPois    +         Reflect  .   m - +1 hat {Int+3}
rElec    .         Harm     .   q - +0 cloak
rCorr    .         Rampage  .   r - +0 pair of gloves
Will     .....     NoTele   +   (no boots)
Stlth    ..........             (no amulet)
HPRegen  0.41/turn              n - +3 ring of protection
MPRegen  0.12/turn              y - ring of positive energy

@: berserking, very quick
A: horns 2, retaliatory headbutt
a: Renounce Religion, Berserk, Trog's Hand, Brothers in Arms


You were in the Dungeon.
You worshipped Trog.
Trog was exalted by your worship.
You visited 1 branch You collected 14 gold pieces.

Inventory:

Hand Weapons
 a - a +5 vorpal broad axe (weapon)
Armour
 b - +0 swamp dragon scales (worn)
 c - a +0 kite shield (worn)
 m - a +1 hat of intelligence (worn)
 q - a +0 cloak (worn)
 r - a +0 pair of gloves (worn)
Jewellery
 n - a +3 ring of protection (left hand)
 w - a ring of see invisible
 y - a ring of positive energy (right hand)
Scrolls
 j - 6 scrolls of blinking
 l - a scroll of summoning
 s - 6 scrolls of enchant weapon
 t - 2 scrolls of identify
 v - a scroll of fear
Potions
 d - a potion of might
 e - 10 potions of curing
 f - 14 potions of heal wounds
 g - 3 potions of haste
 h - 4 potions of magic
 i - 5 potions of berserk rage
 k - 2 potions of invisibility
 p - 3 potions of mutation
 u - a potion of resistance
 x - a potion of ambrosia


   Skills:
 + Level 18.3 Fighting
 + Level 21.5 Axes
 + Level 16.3 Armour
 + Level 8.7 Dodging
 + Level 3.6 Stealth
 + Level 16.1 Shields


You had 11 spell levels left.
You didn't know any spells.
Your spell library was empty.

Dungeon Overview and Level Annotations

Branches:
Dungeon (1/1)

Altars:
Cheibriados
Dithmenos
Elyvilon
Fedhas
Gozag
Hepliaklqana
Makhleb
Nemelex Xobeh
Okawaru
Qazlal
Ru
Sif Muna
Trog
Vehumet
Wu Jian
Xom
Yredelemnul
Zin
The Shining One
Beogh
Jiyva
Lugonu

Annotations:
D Agnes


Innate Abilities, Weirdness & Mutations

You have a pair of horns on your head.
You reflexively headbutt those who attack you in melee.


Message History

You headbutt the titan, but do no damage.
The titan is severely wounded.
You slash Agnes! You slash the death knight!
The death knight reflects your damage back at you!
Unknown command.
You slash the titan! You headbutt the titan!
The titan is almost dead.
You slash Agnes! You slash the death knight!
The death knight reflects your damage back at you!
Agnes hits you with a +1 lajatang of speed!
* * * LOW HITPOINT WARNING * * *
You block the death knight's attack.
The death knight barely misses your stone giant.
The titan casts a spell at you. The bolt of lightning hits you!!
* * * LOW HITPOINT WARNING * * *
The bolt of lightning hits your stone giant!!
You slice the titan!!
You kill the titan!
Trog accepts your kill.
Trog appreciates your killing of a magic user.
You slash Agnes! You slice the death knight!!
The death knight reflects your damage back at you!
* * * LOW HITPOINT WARNING * * *
Agnes barely misses you. You furiously retaliate!
You headbutt Agnes!!
Your Fighting skill increases to level 18!
Your Shields skill increases to level 16!
Unknown command.
You chop the bat zombie into pieces!!!
You feel the power of Trog in you as your rage grows.
You destroy the bat zombie!
Trog accepts your kill.
You slash the death knight!
You feel the power of Trog in you as your rage grows.
You kill the death knight!
Trog accepts your kill.
You miss Agnes.
Your damage is reflected back at you!
* * * LOW HITPOINT WARNING * * *
Agnes hits you with a +1 lajatang of speed!
You die...

........''..........#
........''..........#
######..##..#....#..#
#..##..........+ #..##..........+
#..####''####++#
#..####''####++#########
#..##.k.C..##...........
##########..##.#@##.##...))......
............##.#)i'.##.)#########
............## 'c:#.##..#
#''########## .#)=+ ##..#
#''###########.+:)# #..#
........##..## ##+# #..#
.#......##..# #).# ........''..#
#..# ........''..##########.)#


You could see Agnes (ally target), a lindwurm, a yaktaur and a friendly stone
giant (summoned, berserk).

Vanquished Creatures
  A titan (D)
  Gastronok (D)
  A ghost moth (D)
  A spriggan defender (D)
  A vampire knight (D)
  An eidolon (D)
  A two-headed ogre (D)
  A death knight (D)
  2 death yaks (D)
  2 deep elf knights (D)
  A shadow wraith (D)
  A swamp dragon (D)
  A lindwurm (D)
  4 harpies (D)
  2 deep elf pyromancers (D)
  A deep elf zephyrmancer (D)
  4 manticores (D)
  A cyclops (D)
  A black mamba (D)
  A merfolk siren (D)
  A molten gargoyle (D)
  A guardian serpent (D)
  An orange demon (D)
  3 kobold demonologists (D)
  An efreet (D)
  A yaktaur (D)
  2 red devils (D)
  A merfolk (D)
  A polar bear (D)
  A hornet (D)
  A shadow (D)
  A flying skull (D)
  2 wyverns (D)
  A vampire (D)
  A redback (D)
  An acid dragon (D)
  A water moccasin (D)
  A floating eye (D)
  A swamp drake (D)
  A necrophage (D)
  An ice beast (D)
  An ogre (D)
  A centaur (D)
  A phantom (D)
  A gnoll sergeant (D)
  2 crimson imps (D)
  A gnoll shaman (D)
  Terence (D)
  A hell rat (D)
  8 gnolls (D)
  An ufetubus (D)
  3 oozes (D)
  An adder skeleton (D)
  A leopard gecko (D)
  An orc (D)
  A ball python (D)
  A bat (D)
  A bat zombie (D)
  2 giant cockroaches (D)
  6 jackals (D)
  2 frilled lizards (D)
  2 goblins (D)
  A rat (D)
94 creatures vanquished.

Notes
Turn   | Place    | Note
-------+----------+-------------------------------------------
     0 | D        | mhtbhm the Minotaur Fighter began the quest for the Orb.
     0 | D        | Reached XP level 1. HP: 19/19 MP: 0/0
    17 | D        | Found a bloodstained altar of Trog.
    17 | D        | Found a shimmering blue altar of Sif Muna.
    17 | D        | Found a viscous altar of Jiyva.
    17 | D        | Found a hazy altar of Hepliaklqana.
    17 | D        | Found an opulent altar of Gozag.
    18 | D        | Found a glowing golden altar of the Shining One.
    18 | D        | Found a glowing silver altar of Zin.
    18 | D        | Found a basalt altar of Yredelemnul.
    18 | D        | Found a shimmering altar of Xom.
    18 | D        | Found an ornate altar of the Wu Jian Council.
    18 | D        | Found a sacrificial altar of Ru.
    18 | D        | Found a stormy altar of Qazlal.
    18 | D        | Found an iron altar of Okawaru.
    18 | D        | Found a sparkling altar of Nemelex Xobeh.
    18 | D        | Found a burning altar of Makhleb.
    18 | D        | Found a blossoming altar of Fedhas.
    18 | D        | Found a white marble altar of Elyvilon.
    18 | D        | Found a shadowy altar of Dithmenos.
    18 | D        | Found a snail-covered altar of Cheibriados.
    20 | D        | Found a radiant altar of Vehumet.
    20 | D        | Found a corrupted altar of Lugonu.
    22 | D        | Became a worshipper of Trog the Wrathful
    75 | D        | Reached * piety under Trog
    76 | D        | Reached XP level 2. HP: 27/28 MP: 1/1
    85 | D        | Reached ** piety under Trog
    86 | D        | Reached skill level 3 in Axes
    91 | D        | Noticed a centaur
    95 | D        | Killed a centaur
    96 | D        | Reached skill level 4 in Axes
    96 | D        | Reached XP level 3. HP: 23/38 MP: 2/2
    96 | D        | Reached XP level 4. HP: 27/45 MP: 3/3
    99 | D        | Reached *** piety under Trog
   245 | D        | Noticed a flying skull
   254 | D        | Reached skill level 5 in Axes
   258 | D        | Reached **** piety under Trog
   259 | D        | Reached XP level 5. HP: 52/52 MP: 4/4
   259 | D        | Killed a flying skull
   260 | D        | Reached skill level 7 in Axes
   260 | D        | Reached XP level 6. HP: 62/62 MP: 5/5
   265 | D        | Reached ***** piety under Trog
   272 | D        | Reached skill level 1 in Dodging
   301 | D        | Reached skill level 8 in Axes
   325 | D        | Noticed a kobold demonologist
   330 | D        | Noticed a ynoxinul
   332 | D        | Killed a kobold demonologist
   333 | D        | Reached skill level 10 in Fighting
   333 | D        | Reached skill level 10 in Axes
   333 | D        | Reached skill level 10 in Shields
   333 | D        | Reached XP level 7. HP: 61/72 MP: 6/6
   335 | D        | Noticed Terence
   343 | D        | Killed Terence
   343 | D        | Received a gift from Trog
   432 | D        | Noticed Gastronok
   445 | D        | Reached skill level 11 in Axes
   445 | D        | Reached skill level 10 in Armour
   455 | D        | Killed Gastronok
   456 | D        | Reached skill level 15 in Axes
   456 | D        | Reached XP level 8. HP: 75/84 MP: 7/7
   456 | D        | Reached XP level 9. HP: 81/91 MP: 8/8
   607 | D        | Noticed a two-headed ogre
   607 | D        | Noticed a black mamba
   616 | D        | Killed a two-headed ogre
   616 | D        | Reached ****** piety under Trog
   617 | D        | Reached skill level 16 in Axes
   619 | D        | Killed a black mamba
   619 | D        | Received a gift from Trog
   756 | D        | Noticed a deep elf knight
   756 | D        | Noticed a guardian serpent
   756 | D        | Noticed a kobold demonologist
   758 | D        | Noticed a soul eater
   759 | D        | Killed a guardian serpent
   763 | D        | Killed a kobold demonologist
   764 | D        | Reached XP level 10. HP: 101/101 MP: 9/9
   768 | D        | Killed a deep elf knight
   769 | D        | Reached skill level 17 in Axes
   805 | D        | Noticed a deep elf pyromancer
   806 | D        | Noticed a deep elf knight
   823 | D        | Killed a deep elf knight
   823 | D        | Received a gift from Trog
   844 | D        | Killed a deep elf pyromancer
  1037 | D        | Noticed an eidolon
  1049 | D        | Reached skill level 18 in Axes
  1065 | D        | Killed an eidolon
  1352 | D        | Noticed a swamp dragon
  1359 | D        | Killed a swamp dragon
  1366 | D        | Received a gift from Trog
  1591 | D        | Noticed a manticore
  1597 | D        | Reached skill level 1 in Stealth
  1597 | D        | Reached XP level 11. HP: 109/111 MP: 10/10
  1601 | D        | Reached skill level 19 in Axes
  1616 | D        | Received a gift from Trog
  1624 | D        | Noticed a lindwurm
  1635 | D        | Killed a lindwurm
  1636 | D        | Reached skill level 15 in Armour
  1890 | D        | Killed a shadow wraith
  1890 | D        | Received a gift from Trog
  1891 | D        | Reached skill level 15 in Fighting
  2211 | D        | Noticed a death yak
  2212 | D        | Paralysed by a floating eye for 4 turns
  2222 | D        | Killed a death yak
  2232 | D        | Reached skill level 5 in Dodging
  2497 | D        | Received a gift from Trog
  2640 | D        | Noticed a vampire knight
  2640 | D        | Noticed a death yak
  2640 | D        | Noticed a deep elf pyromancer
  2647 | D        | Reached skill level 20 in Axes
  2652 | D        | Killed a vampire knight
  2652 | D        | Killed a deep elf pyromancer
  2653 | D        | Killed a death yak
  2653 | D        | Killed a ghost moth
  2654 | D        | Reached skill level 15 in Shields
  2654 | D        | Reached XP level 12. HP: 124/124 MP: 0/11
  2655 | D        | Received a gift from Trog
  2764 | D        | Received a gift from Trog
  2771 | D        | Received a gift from Trog
  2773 | D        | Reached skill level 21 in Axes
  2993 | D        | Noticed a titan
  2993 | D        | Noticed a spriggan defender
  2993 | D        | Noticed a death knight
  2993 | D        | Noticed Agnes
  3000 | D        | Killed a spriggan defender
  3004 | D        | Received a gift from Trog
  3007 | D        | Killed a titan
  3008 | D        | Killed a death knight
  3008 | D        | HP: 6/190 [mirror damage (8)]
  3008 | D        | Slain by Agnes

Illustrated notes

Levels and vault maps discovered:
D:        pitsprint [storerooms_1, entrance_room_1, metal_vault_4, armoury_2,
          mini_pit_1, grid_room_1, main_hall_1, silver_pit, the_coven_1,
          the_vestibule_1, steel_vault_5, golden_pit, hallway_of_sentries,
          crystal_vault_3, iron_vault_2, final_vault]

Skill      XL: |  1  2  3  4  5  6  7  8  9 10 11 12 |
---------------+-------------------------------------+-----
Fighting       | 4 6 7 8 10 12 13 14 16 18 | 18.3
Armour         | 4 6 7 8 9 11 12 14 16 | 16.3
Shields        | 4 6 7 9 10 11 12 13 15 16 | 16.1
Axes           | 4 5 7 10 15 16 18 20 21 | 21.5
Dodging        | 1 2 3 7 8 |  8.7
Stealth        | 1 2 3 |  3.6

Action                   |  1- 3 |  4- 6 |  7- 9 | 10-12 || total
-------------------------+-------+-------+-------+-------++-------
Melee: Hand axe          |    18 |    47 |    20 |       ||    85
       War axe           |     3 |       |    11 |    74 ||    88
       Headbutt          |     4 |     5 |     8 |    28 ||    45
       Broad axe         |       |       |       |    93 ||    93
Invok: Berserk           |       |     1 |     2 |     7 ||    10
       Brothers in Arms  |       |       |       |     1 ||     1
  Use: Potion            |       |       |       |     1 ||     1
 Stab: Confused          |       |       |       |     2 ||     2
Armor: Scale mail        |    14 |     1 |       |       ||    15
       Chain mail        |       |    27 |     7 |    19 ||    53
       Swamp dragon scal |       |       |       |    34 ||    34
Dodge: Dodged            |    12 |    13 |     6 |    49 ||    80
Block: Kite shield       |    18 |    19 |    14 |    73 ||   124

Table legend: (Time is in decaauts)
 A = Elapsed time spent in this place.
 B = Non-inter-level travel time spent in this place.
 C = Inter-level travel time spent in this place.
 D = Time resting spent in this place.
 E = Time spent auto-exploring this place.
 F = Levels seen in this place.
 G = Mean time per level.
                   A        B        C        D        E       F      G
               +--------+--------+--------+--------+--------+-----+--------+
         Total |   3068 |   3068 |      0 |   1883 |    115 |   1 | 3068.0 |
       Dungeon |   3068 |   3068 |      0 |   1883 |    115 |   1 | 3068.0 |
               +--------+--------+--------+--------+--------+-----+--------+

Top non-repeatable levels by time:
       D: 3068 daAuts
